 Dungeon Crawl Stone Soup version 0.28-a0-172-g787e458d71 (webtiles) character file.

Game seed: 13574862818668045656

509 frimble the Skirmisher (level 6, 0/57 HPs)
             Began as a Minotaur Warper on Aug 17, 2021.
             Slain by a scorpion (7 damage)
             ... on level 5 of the Dungeon.
             The game lasted 00:09:00 (5117 turns).

frimble the Skirmisher (Minotaur Warper)            Turns: 5117, Time: 00:09:00

Health: 0/57       AC: 10    Str: 16    XL:     6   Next: 98%
Magic:  7/7        EV: 12    Int: 13    God:
Gold:   559        SH:  0    Dex: 10    Spells: 5/7 levels left

rFire   + . .      SeeInvis +   h - +1 short sword (protect)
rCold   x . .      Faith    .   (no shield)
rNeg    . . .      Spirit   .   b - +0 leather armour
rPois   .          Reflect  .   (helmet restricted)
rElec   .          Harm     .   (no cloak)
rCorr   .          Rampage  .   (no gloves)
Will    .....      Clarity  +   (no boots)
Stlth   +.........              (no amulet)
HPRegen 0.19/turn               i - ring of see invisible
MPRegen 0.10/turn               g - ring of fire

@: under a protective aura, flying
A: horns 2, retaliatory headbutt, clarity, clever 1, robust 1
a: no special abilities


You were on level 5 of the Dungeon.
You visited 1 branch of the dungeon, and saw 5 of its levels.

You collected 559 gold pieces.

Inventory:

Hand Weapons
 h - a +1 short sword of protection (weapon)
Missiles
 d - a boomerang of dispersal
 f - 7 javelins (quivered)
Armour
 b - a +0 leather armour (worn)
Jewellery
 g - a ring of fire (right hand)
 i - a ring of see invisible (left hand)
Wands
 j - a wand of iceblast (5)
Scrolls
 c - 2 scrolls of blinking
Potions
 a - a potion of resistance
 e - a potion of flight
 m - a potion of curing


   Skills:
 + Level 4.1 Fighting
 + Level 3.9 Short Blades
 + Level 3.0 Throwing
 - Level 1.6 Armour
 + Level 4.0 Dodging
 - Level 2.0 Stealth
 - Level 1.4 Spellcasting
 + Level 3.1 Translocations


You had 5 spell levels left.
You knew the following spells:

 Your Spells              Type           Power      Damage    Failure   Level
a - Blink                 Tloc           N/A        N/A       14%         2

Your spell library contained the following spells:

 Spells                   Type           Power      Damage    Failure   Level
 Gell's Gravitas          Tloc           4%         N/A       26%         3
 Lesser Beckoning         Tloc           4%         N/A       26%         3
 Teleport Other           Tloc           9%         N/A       26%         3
 Foxfire                  Conj/Fire      4%         2x1d4     32%         1
 Corpse Rot               Necr/Air       N/A        N/A       45%         2
 Poisonous Vapours        Pois/Air       0%         N/A       45%         2
 Conjure Flame            Conj/Fire      1%         6-21      69%         3
 Ignite Poison            Fire/Tmut/Pois 1%         N/A       69%         3
 Inner Flame              Hex/Fire       1%         N/A       69%         3
 Manifold Assault         Tloc           9%         N/A       94%         5
 Sticky Flame             Conj/Fire      1%         2d3       97%         4
 Freezing Cloud           Conj/Ice/Air   0%         6-21      100%        5


Dungeon Overview and Level Annotations

Branches:
Dungeon (5/15)
 Temple: D:4-7

Altars:

Shops:
D:3 =


Innate Abilities, Weirdness & Mutations

You have a pair of horns on your head.
You reflexively headbutt those who attack you in melee.
You possess an exceptional clarity of mind.
Your mind is acute. (Int +2)
You are robust. (+10% HP)


Message History

The orc wizard is severely wounded.
The orc hits you with a +0 club.
* * * LOW HITPOINT WARNING * * *
The orc wizard barely misses you.
It was a potion of flight.
You feel very buoyant.
You fly up into the air.
The orc hits you but does no damage.
The orc wizard hits you but does no damage.
As you read the scroll of teleportation, it crumbles to dust.
You feel strangely unstable. The orc closely misses you.
Your surroundings suddenly seem different.
A scorpion comes into view.
An orc wizard comes into view. It is wielding a +0 dagger.
The orc hits the bush but does no damage.
An orc comes into view. It is wielding a +0 club.
The orc moves out of view.
A jelly comes into view.
The jelly quivers.
The scorpion stings you!
* * * LOW HITPOINT WARNING * * *
The scorpion closely misses you. The scorpion stings you.
* * * LOW HITPOINT WARNING * * *
You hit the scorpion but do no damage.
Your weapon exudes an aura of protection.
Your headbutt misses the scorpion.
The scorpion stings you but does no damage.
Okay, then.
As you read the scroll of fear, it crumbles to dust.
You assume a fearsome visage.
The orc wizard looks frightened!
The jelly looks frightened!
The scorpion looks frightened!
A scorpion comes into view.
The orc wizard casts a spell.
The orc wizard flickers and vanishes for a moment.
The orc wizard looks petrified.
The scorpion stings you but does no damage.
You hit the scorpion but do no damage.
Your weapon exudes an aura of protection.
The scorpion stings you!
You die...

#.##..# #.##... #.##...
#.##... #.##... #......
###..##..
####.###########........
#.....s@.......J.#..##..
#..###############......
....... ###.#### #..
####


You could see a scorpion.

Vanquished Creatures
  A necrophage (D:4)
  An ogre (D:4)
  A hound (D:3)
  A bullfrog skeleton (D:3)
  An orc priest (D:3)
  A jelly (D:5)
  Terence (D:3)
  An iguana (D:5)
  2 orc wizards (D:3)
  3 adders (D:3)
  3 worms (D:2)
  A dart slug (D:1)
  4 orcs
  5 ball pythons
  10 endoplasms
  4 giant cockroaches
  10 goblins
  3 hobgoblins
  6 jackals
  3 quokkas (D:2)
  3 bats
  5 frilled lizards
  7 kobolds
  5 rats
82 creatures vanquished.

Vanquished Creatures (others)
  2 plants (D:4)
2 creatures vanquished.

Grand Total: 84 creatures vanquished

Notes
Turn   | Place    | Note
-------+----------+-------------------------------------------
     0 | D:1      | frimble the Minotaur Warper began the quest for the Orb.
     0 | D:1      | Reached XP level 1. HP: 18/18 MP: 1/1
    78 | D:1      | Found a faded altar of an unknown god.
   289 | D:1      | Reached XP level 2. HP: 25/25 MP: 3/3
   387 | D:1      | Learned a level 2 spell: Blink
   927 | D:2      | Reached XP level 3. HP: 12/30 MP: 4/4
  2274 | D:3      | Reached XP level 4. HP: 26/38 MP: 5/5
  2427 | D:3      | Found Lutugymm's Jewellery Emporium.
  2441 | D:3      | Reached skill level 1 in Stealth
  2625 | D:3      | Noticed an orc warrior
  2813 | D:4      | Noticed a two-headed ogre
  2927 | D:3      | Reached XP level 5. HP: 24/45 MP: 6/6
  4043 | D:3      | Noticed Terence
  4054 | D:3      | Killed Terence
  4176 | D:3      | Reached XP level 6. HP: 31/51 MP: 7/7
  4308 | D:4      | Gained mutation: You possess an exceptional clarity of
                  | mind. [potion of mutation]
  4308 | D:4      | Gained mutation: Your mind is acute. (Int +2) [potion of
                  | mutation]
  4308 | D:4      | Gained mutation: You are robust. (+10% HP) [potion of
                  | mutation]
  4601 | D:5      | Entered Level 5 of the Dungeon
  4864 | D:5      | Identified a scroll of acquirement
  4864 | D:5      | Acquired 429 gold pieces
  5117 | D:5      | Slain by a scorpion

Illustrated notes

Levels and vault maps discovered:
D:1:      mrwooster_arrival_statue, layout_basic,
          hellmonk_ecumenical_altar_pennies_from_heaven
D:2:      layout_basic, minmay_pentomino_s4
D:3:      layout_loops_cross, serial_shops, nicolae_shop_trees,
          serial_park_tiny_1, uniq_terence
D:4:      layout_rooms, guppyfry_early_lair_pool, uniq_edmund
D:5:      layout_loops_ring, mainiacjoe_overflow_cross_hatched, serial_shops,
          shop

Skill      XL: |  1  2  3  4  5  6 |
---------------+-------------------+-----
Fighting       | 3 4 |  4.1
Stealth        | 1 2 |  2.0
Dodging        | 3 4 |  4.0
Short Blades   | 3 |  3.9
Throwing       | 2 3 |  3.0
Translocations | 3 |  3.1
Armour         | |  1.6
Spellcasting   | |  1.4

Action                   |  1- 3 |  4- 6 || total
-------------------------+-------+-------++-------
Melee: Short sword       |   120 |   174 ||   294
       Headbutt          |    24 |    25 ||    49
Throw: Javelin           |       |     9 ||     9
       Boomerang         |       |     4 ||     4
 Cast: Blink             |       |     2 ||     2
  Use: Potion            |       |     7 ||     7
       Scroll            |       |     8 ||     8
Armor: Leather armour    |    26 |    45 ||    71
Dodge: Dodged            |    74 |   111 ||   185

Table legend: (Time is in decaauts)
 A = Elapsed time spent in this place.
 B = Non-inter-level travel time spent in this place.
 C = Inter-level travel time spent in this place.
 D = Time resting spent in this place.
 E = Time spent auto-exploring this place.
 F = Levels seen in this place.
 G = Mean time per level.
                   A        B        C        D        E       F      G
               +--------+--------+--------+--------+--------+-----+--------+
         Total |   5092 |   4976 |    116 |      0 |   4083 |   5 | 1018.4 |
       Dungeon |   5092 |   4976 |    116 |      0 |   4083 |   5 | 1018.4 |
               +--------+--------+--------+--------+--------+-----+--------+

Top non-repeatable levels by time:
     D:3: 2200 daAuts
     D:2: 1343 daAuts
     D:1: 778 daAuts
     D:5: 514 daAuts
     D:4: 255 daAuts
